 Dungeon Crawl Stone Soup version 0.30-a0-359-gd0147acb1a (webtiles) character file.

Game seed: 8141120235642790333

425 p00ps00p the Trooper (level 6, 0/56 HPs)
             Began as a Hill Orc Fighter on Nov 12, 2022.
             Slain by Pikel
             ... wielding a +0 whip of electrocution
              (11 damage)
             ... on level 4 of the Dungeon.
             The game lasted 00:07:10 (4069 turns).

p00ps00p the Trooper (Hill Orc Fighter)             Turns: 4069, Time: 00:07:10

Health: 0/56       AC:  7    Str: 27    XL:     6   Next: 96%
Magic:  6/6        EV:  9    Int:  8    God:
Gold:   97         SH:  6    Dex: 10    Spells: 5/5 levels left

rFire   . . .      SeeInvis .    g - +1 war axe (flame)
rCold   . . .      Faith    .    c - +1 buckler
rNeg    . . .      Spirit   .    b - +0 scale mail
rPois   .          Reflect  .    (no helmet)
rElec   .          Harm     .    (no cloak)
rCorr   .          Rampage  .    (no gloves)
Will    +....                    (no boots)
Stlth   ..........               (no amulet)
HPRegen 0.29/turn                h - ring of willpower
MPRegen 0.10/turn                m - +6 ring of strength

@: no status effects
A: no striking features
a: no special abilities


You were on level 4 of the Dungeon.
You visited 1 branch of the dungeon, and saw 4 of its levels.

You collected 97 gold pieces.

Inventory:

Hand Weapons
 a - a +0 war axe
 d - a +0 flail of venom
 g - a +1 war axe of flaming (weapon)
Missiles
 i - 5 boomerangs (quivered)
 k - 9 poisoned darts
Armour
 b - a +0 scale mail (worn)
 c - a +1 buckler (worn)
 e - a +0 troll leather armour {Pargi}
Jewellery
 h - a ring of willpower (left hand)
 m - a +6 ring of strength (right hand)
Scrolls
 l - a scroll of identify


   Skills:
 + Level 5.5 Fighting
 + Level 5.2 Axes
 + Level 5.0 Armour
 + Level 5.0 Shields


You had 5 spell levels left.
You didn't know any spells.
Your spell library contained the following spells:

 Spells                   Type           Power      Damage    Failure   Level
 Inner Flame              Hex/Fire       0%         N/A       98%         3
 Animate Armour           Summ/Erth      0%         N/A       100%        4
 Cause Fear               Hex            0%         N/A       100%        4
 Blade Hands              Tmut           0%         N/A       100%        5
 Iron Shot                Conj/Erth      0%         9d1       100%        6
 Discord                  Hex            0%         N/A       100%        8


Dungeon Overview and Level Annotations

Branches:
Dungeon (4/15)
 Temple: D:4-7

Altars:
Cheibriados
Dithmenos
Yredelemnul

Annotations:
D:4 Pikel


Message History

m - a +6 ring of strength Pikel hits you but does no damage.
You feel very mighty all of a sudden.
Pikel hits you with a +0 whip of electrocution.
You are electrocuted!
* * * LOW HITPOINT WARNING * * *
As you read the scroll of teleportation, it crumbles to dust.
You feel strangely unstable.
Pikel says, "You'll feel the lick of my whip!"
You block Pikel's attack.
You slash Pikel! You burn Pikel.
Pikel is moderately wounded.
Pikel barely misses you.
You slash Pikel! You burn Pikel.
Pikel is severely wounded.
Pikel hits you but does no damage.
Pikel hits you with a +0 whip of electrocution.
* * * LOW HITPOINT WARNING * * *
You slash Pikel! You burn Pikel.
Pikel is almost dead.
Your surroundings seem slightly different.
As you read the scroll of teleportation, it crumbles to dust.
You feel strangely unstable.
Your surroundings suddenly seem different.
You are too injured to fight recklessly!
You feel stronger.
m - a +6 ring of strength (right hand)
You feel a little less mighty now.
Pikel is nearby!
Pikel shouts!
You hit Pikel but do no damage.
Pikel is moderately wounded.
Pikel hits you with a +0 whip of electrocution!
You are electrocuted!!
You closely miss Pikel.
Pikel is moderately wounded.
Pikel hits you with a +0 whip of electrocution!
* * * LOW HITPOINT WARNING * * *
You are electrocuted!
You die...

##### ... ... #.#
#.# #.# #.# #.#
#@# #K# #.# #.
#.# #.# #.##.#
#.# #..#
##....### #....
......# #.......#
###.# #..##.#
##....._.## #.#
#..##.# #
#.........#####.#
#..##.##.# #


You could see Pikel.

Vanquished Creatures
  Pargi (D:3)
  A centaur (D:4)
  2 lemures (D:4)
  An iguana (D:3)
  8 gnolls
  6 adders
  2 worms
  3 dart slugs
  10 orcs
  3 endoplasms
  A giant cockroach (D:1)
  6 hobgoblins
  2 jackals (D:1)
  8 kobolds
  3 quokkas
  5 ball pythons
  7 bats
  6 frilled lizards
  4 goblins
  8 rats
87 creatures vanquished.

Notes
Turn   | Place    | Note
-------+----------+-------------------------------------------
     0 | D:1      | p00ps00p the Hill Orc Fighter began the quest for the Orb.
     0 | D:1      | Reached XP level 1. HP: 19/19 MP: 1/1
   183 | D:1      | Reached XP level 2. HP: 27/27 MP: 2/2
   545 | D:1      | Found a faded altar of an unknown god.
   819 | D:1      | Reached XP level 3. HP: 30/33 MP: 3/3
  1213 | D:2      | Reached XP level 4. HP: 3/40 MP: 4/4
  2540 | D:3      | Reached XP level 5. HP: 47/47 MP: 5/5
  2722 | D:3      | Noticed Pargi
  2759 | D:3      | Killed Pargi
  2760 | D:3      | Reached skill level 5 in Fighting
  2760 | D:3      | Reached XP level 6. HP: 28/56 MP: 6/6
  3291 | D:3      | Found a snail-covered altar of Cheibriados.
  3787 | D:4      | Found a basalt altar of Yredelemnul.
  3787 | D:4      | Found a shadowy altar of Dithmenos.
  3799 | D:4      | Reached skill level 5 in Axes
  3799 | D:4      | Reached skill level 5 in Armour
  3837 | D:4      | Reached skill level 5 in Shields
  3921 | D:4      | Noticed Pikel
  4069 | D:4      | Slain by Pikel

Illustrated notes

Levels and vault maps discovered:
D:1:      nzn_arrival_settlement, layout_loops_corners,
          hellmonk_ecumenical_altar_leap_of_faith, kennysheep_pointless_box
D:2:      layout_basic
D:3:      layout_loops_ring, slow_altar_2, hangedman_decor_clover_reticule,
          minmay_misc_feat_hallway, hangedman_abyss_or_decor_lesser_grid,
          moated_statue, minmay_pentangle, uniq_pargi
D:4:      layout_loops_ring, grunt_temple_overflow_open,
          lemuel_temple_firewalk_a, uniq_pikel

Skill      XL: |  1  2  3  4  5  6 |
---------------+-------------------+-----
Axes           | 3 4 5 |  5.2
Fighting       | 4 5 |  5.5
Armour         | 4 5 |  5.0
Shields        | 4 5 |  5.0

Action                   |  1- 3 |  4- 6 || total
-------------------------+-------+-------++-------
Melee: War axe           |    77 |   210 ||   287
Throw: Boomerang         |       |    29 ||    29
  Use: Potion            |     2 |     3 ||     5
       Scroll            |       |     9 ||     9
Armor: Scale mail        |    41 |   116 ||   157
Dodge: Dodged            |    34 |   140 ||   174
Block: Buckler           |    21 |    89 ||   110

Table legend: (Time is in decaauts)
 A = Elapsed time spent in this place.
 B = Non-inter-level travel time spent in this place.
 C = Inter-level travel time spent in this place.
 D = Time resting spent in this place.
 E = Time spent auto-exploring this place.
 F = Levels seen in this place.
 G = Mean time per level.
                   A        B        C        D        E       F      G
               +--------+--------+--------+--------+--------+-----+--------+
         Total |   4173 |   3985 |    188 |    686 |   2452 |   4 | 1043.2 |
       Dungeon |   4173 |   3985 |    188 |    686 |   2452 |   4 | 1043.2 |
               +--------+--------+--------+--------+--------+-----+--------+

Top non-repeatable levels by time:
     D:2: 1545 daAuts
     D:3: 1255 daAuts
     D:1: 1076 daAuts
     D:4: 296 daAuts
